 Dungeon Crawl Stone Soup version 0.22.1-1-ga44c0e5 (webtiles) character file.

2332 vierth the Cleaver (level 9, -1/70 HPs)
             Began as a Minotaur Fighter on Oct 21, 2018.
             Was an Elder of Okawaru.
             Slain by a killer bee (3 damage)
             ... on level 8 of the Dungeon.
             The game lasted 00:11:51 (4784 turns).

vierth the Cleaver (Minotaur Fighter)               Turns: 4784, Time: 00:11:53

Health: -1/70      AC: 12    Str: 24    XL:     9   Next: 19%
Magic:  8/8        EV:  5    Int:  5    God:    Okawaru [****..]
Gold:   268        SH:  9    Dex: 10    Spells: 8/8 levels left

rFire    . . .     SeeInvis .   a - +1 war axe
rCold    . . .     Gourm    .   c - +0 shield
rNeg     . . .     Faith    .   v - +1 chain mail {rPois}
rPois    +         Spirit   .   (helmet restricted)
rElec    .         Reflect  .   (no cloak)
rCorr    .         Harm     .   (no gloves)
MR       .....                  m - +1 pair of boots
Stlth    ..........             (no amulet)
HPRegen  0.21/turn              (no ring)
MPRegen  0.11/turn              (no ring)

@: lethally poisoned (-1 -> -3)
A: retaliatory headbutt, horns 2
a: Heroism, Renounce Religion


You were on level 8 of the Dungeon.
You worshipped Okawaru.
Okawaru was greatly pleased with you.
You were not hungry.

You visited 1 branch of the dungeon, and saw 8 of its levels.

You collected 268 gold pieces.

Inventory:

Hand Weapons
 a - a +1 war axe (weapon)
 w - a cursed -3 flail
Armour
 c - a +0 shield (worn)
 m - a +1 pair of boots (worn)
 v - a +1 chain mail of poison resistance (worn)
Wands
 y - a wand of flame (32)
Scrolls
 b - a scroll of enchant weapon
 g - 3 scrolls of teleportation
 j - 5 scrolls of identify
 n - 2 scrolls of blinking
 p - a scroll of enchant armour
 q - a scroll of remove curse
 r - a scroll of magic mapping {unknown}
 t - a scroll of immolation {unknown}
 z - a scroll of fear {unknown}
Potions
 d - a potion of might
 e - a potion of mutation {unknown}
 h - a potion of cancellation {unknown}
 i - 6 potions of curing {unknown}
 k - a potion of flight {unknown}
 l - 2 potions of lignification {unknown}
 o - 3 potions of haste {unknown}
 s - a potion of heal wounds {unknown}
 u - a potion of agility {unknown}
Comestibles
 f - 9 rations


   Skills:
 - Level 3.6 Fighting
 + Level 14.1 Axes
 - Level 3.6 Armour
 - Level 3.6 Shields


You had 8 spell levels left.
You didn't know any spells.
Your spell library was empty.

Dungeon Overview and Level Annotations

Branches:
Dungeon (8/15)
 Temple: D:4-7         Lair: D:8-11

Altars:
Ashenzari
Kikubaaqudgha
Okawaru
Qazlal
Ru
Vehumet
The Shining One

Shops:
D:6 [

Annotations:
D:5 1 runed door


Innate Abilities, Weirdness & Mutations

You reflexively headbutt those who attack you in melee.
You have a pair of horns on your head.


Message History

Found a spear, a grey potion and a scroll of blinking.
There is a stone staircase leading up here.
You are too injured to fight recklessly!
You miss the killer bee. Your headbutt misses the killer bee.
The killer bee is heavily wounded.
You hit the killer bee.
You kill the killer bee!
Okawaru accepts your kill.
You miss the killer bee. The killer bee stings you.
* * * LOW HITPOINT WARNING * * *
The killer bee stings you but does no damage. x2
The killer bee stings you.
* * * LOW HITPOINT WARNING * * *
You closely miss the killer bee.
The killer bee is heavily wounded.
You hit the killer bee. You closely miss the centaur.
* * * LOW HITPOINT WARNING * * *
You feel sick. You block the killer bee's attack. x2
You block the centaur's attack. The killer bee stings you.
You die...

###### .
...##.c..##?...
......y@.....).
......y†!......
...............
..###....##....
. #...## ##≈
..S## ....
.....


You could see a water moccasin, a centaur and 2 killer bees.

Vanquished Creatures
  Joseph (D:7)
  Grinder (D:5)
  A hippogriff (D:7)
  A black bear (D:4)
  An ice beast (D:7)
  A phantom (D:5)
  A crocodile (D:7)
  3 centaurs (D:5)
  2 bullfrogs (D:6)
  A scorpion (D:4)
  3 killer bees
  A howler monkey (D:5)
  3 crimson imps
  A hound (D:6)
  A bullfrog zombie (D:6)
  3 orc priests (D:3)
  An orc wizard (D:3)
  A bullfrog skeleton (D:4)
  An iguana (D:6)
  5 worker ants
  A hound zombie (D:5)
  A hound skeleton (D:7)
  Robin (D:2)
  4 gnolls (D:4)
  9 adders
  2 shadow imps
  A worm (D:4)
  2 dart slugs
  A leopard gecko (D:1)
  13 orcs
  5 giant cockroaches
  11 goblins
  9 hobgoblins
  3 jackals (D:1)
  3 quokkas (D:2)
  6 bats
  3 frilled lizards
  5 kobolds
  A quokka skeleton (D:4)
  10 rats
124 creatures vanquished.

Notes
Turn   | Place    | Note
-------+----------+-------------------------------------------
     0 | D:1      | vierth the Minotaur Fighter began the quest for the Orb.
     0 | D:1      | Reached XP level 1. HP: 19/19 MP: 0/0
    44 | D:1      | Reached skill level 3 in Axes
   117 | D:1      | Reached XP level 2. HP: 23/26 MP: 1/1
   346 | D:1      | Reached skill level 4 in Axes
   709 | D:2      | Found a sacrificial altar of Ru.
   850 | D:2      | Reached XP level 3. HP: 31/31 MP: 2/2
   957 | D:2      | Noticed Robin
   970 | D:2      | Killed Robin
   970 | D:2      | Reached skill level 5 in Axes
  1160 | D:2      | Found an iron altar of Okawaru.
  1173 | D:2      | Became a worshipper of Warmaster Okawaru
  1185 | D:2      | Reached XP level 4. HP: 39/39 MP: 3/3
  1461 | D:3      | Reached skill level 6 in Axes
  1505 | D:3      | Reached XP level 5. HP: 23/45 MP: 4/4
  1896 | D:3      | Reached skill level 7 in Axes
  2114 | D:3      | Found an ancient bone altar of Kikubaaqudgha.
  2289 | D:4      | Reached * piety under Okawaru
  2289 | D:4      | Reached XP level 6. HP: 40/51 MP: 5/5
  2363 | D:4      | Reached skill level 8 in Axes
  2665 | D:4      | Reached skill level 9 in Axes
  2665 | D:4      | Reached XP level 7. HP: 57/57 MP: 6/6
  2835 | D:5      | Entered Level 5 of the Dungeon
  2861 | D:5      | Noticed Grinder
  2861 | D:5      | Paralysed by Grinder for 5 turns
  2868 | D:5      | Paralysed by Grinder for 3 turns
  2883 | D:5      | Killed Grinder
  2883 | D:5      | Reached ** piety under Okawaru
  2883 | D:5      | Reached skill level 10 in Axes
  3134 | D:5      | Reached skill level 11 in Axes
  3134 | D:5      | Reached XP level 8. HP: 51/64 MP: 7/7
  3292 | D:5      | Found a runed door.
  3655 | D:6      | Found a radiant altar of Vehumet.
  3737 | D:6      | Found a stormy altar of Qazlal.
  3739 | D:6      | Found Zahal's Armour Emporium.
  3742 | D:6      | Reached *** piety under Okawaru
  3742 | D:6      | Reached skill level 12 in Axes
  4338 | D:7      | Found a shattered altar of Ashenzari.
  4357 | D:7      | Reached skill level 13 in Axes
  4360 | D:7      | Noticed a hippogriff
  4367 | D:7      | Killed a hippogriff
  4471 | D:7      | Found a glowing golden altar of the Shining One.
  4472 | D:7      | Noticed Joseph
  4489 | D:7      | Killed Joseph
  4489 | D:7      | Reached **** piety under Okawaru
  4489 | D:7      | Reached XP level 9. HP: 32/70 MP: 8/8
  4748 | D:7      | Reached skill level 14 in Axes
  4783 | D:8      | HP: 3/70 [killer bee (4)]
  4784 | D:8      | Slain by a killer bee

Skill      XL: |  1  2  3  4  5  6  7  8  9 |
---------------+----------------------------+-----
Axes           | 3 4 5 6 7 9 11 13 14 | 14.1
Fighting       | |  3.6
Armour         | |  3.6
Shields        | |  3.6

Action                   |  1- 3 |  4- 6 |  7- 9 || total
-------------------------+-------+-------+-------++-------
Melee: War axe           |    89 |   113 |   171 ||   373
       Headbutt          |    15 |    17 |    41 ||    73
  Use: Scroll            |       |     2 |     6 ||     8
  Eat: Ration            |     1 |       |     1 ||     2
       Chunk             |       |     2 |     4 ||     6
Armor: Scale mail        |    45 |    43 |       ||    88
       Chain mail        |       |    15 |   124 ||   139
Dodge: Dodged            |    20 |    30 |    47 ||    97
Block: Shield            |    42 |    52 |   120 ||   214
